[Event "Titled Tuesday Blitz April 05 Late 2022"]
[White "Sanal, Vahap"]
[Black "Andreikin, Dmitry"]
[WhiteFideId "6300545"]
[BlackFideId "4158814"]
[WhiteElo "2603"]
[BlackElo "2736"]
[Result "0-1"]
[Round "04"]
[TimeControl "180+1"]
[Date "2022.04.05"]
[WhiteClock "0:00:01"]
[BlackClock "0:00:07"]

1. Nf3 Nf6 2. g3 d5 3. Bg2 c5 4. c4 d4 5. e3 Nc6 6. exd4 cxd4 7. d3 e5 8. O-O Nd7 9. Na3 Be7 10. Nc2 O-O 11. Re1 a5 12. b3 Re8 13. a3 Nc5 14. Nxe5 Nxe5 15. Rxe5 Nxb3 16. Rb1 a4 17. Bf4 Bf8 18. Rb5 Ra5 19. Bg5 Qc7 20. Bf4 Qd8 21. Bg5 f6 22. Bd5+ Be6 23. Bxe6+ Rxe6 24. Qg4 Rea6 25. Bf4 Rxb5 26. cxb5 Ra8 27. Qe6+ Kh8 28. Re1 Qc8 29. Qe2 h6 30. h4 Qc3 31. Rf1 Rc8 32. Ne1 Bxa3 33. h5 Bc1 34. Ng2 a3 35. Nh4 Bxf4 36. Ng6+ Kh7 37. Nxf4 Nd2 38. Qe6 Rc5 39. Ng6 Rc8 40. Ne7 Re8 41. Qf5+ Kh8 42. Ng6+ Kg8 43. Qd5+ Kh7 44. Qf7 Nf3+ 45. Kg2 Qc8 46. Kxf3 a2 47. Kg2 b6 48. Nf4 Qa8+ 49. Kh2 Rc8 50. Qg6+ Kh8 51. Ne6 Rg8 52. Qf7 a1=Q 53. Rxa1 Qxa1 54. Nf4 Qf1 55. Nh3 Qxd3 56. Qb7 Qf5 57. Nf4 d3 58. Qxb6 d2 59. Qd4 Qc2 60. Ng6+ Kh7 61. Ne7 d1=Q 0-1


[Site "https://www.chess.com"]

[Event "Titled Tuesday Blitz April 05 Late 2022"]
[White "Sebag, Marie"]
[Black "Domingo Nunez, Alejandro"]
[WhiteFideId "617822"]
[BlackFideId "22245561"]
[WhiteElo "2460"]
[BlackElo "2635"]
[Result "0-1"]
[Round "04"]
[TimeControl "180+1"]
[Date "2022.04.06"]
[WhiteClock "0:00:14"]
[BlackClock "0:00:57"]

1. d4 g6 2. e4 Bg7 3. Nc3 c6 4. Nf3 d5 5. h3 dxe4 6. Nxe4 Nf6 7. Nxf6+ exf6 8. Bd3 O-O 9. O-O a5 10. c3 Na6 11. Re1 Nc7 12. Bd2 Nd5 13. c4 Nc7 14. Bc3 Ne6 15. Qd2 b6 16. Rad1 Qd6 17. Be4 Rd8 18. d5 Qc5 19. Nd4 Nxd4 20. Bxd4 Qxc4 21. Bxb6 Re8 22. dxc6 Rxe4 23. Rxe4 Qxe4 24. Qd8+ Bf8 25. Bc5 Bxh3 26. f3 Rxd8 27. Rxd8 Qe1+ 28. Kh2 Qe5+ 0-1


[Site "https://www.chess.com"]

[Event "Titled Tuesday Blitz April 05 Late 2022"]
[White "Shapiro, David"]
[Black "Tarigan, Gilbert Elroy"]
[WhiteFideId "24133523"]
[BlackFideId "7108133"]
[WhiteElo "2555"]
[BlackElo "2693"]
[Result "1-0"]
[Round "04"]
[TimeControl "180+1"]
[Date "2022.04.06"]
[WhiteClock "0:00:05"]
[BlackClock "0:00:02"]

1. d4 d5 2. Nc3 c6 3. Bf4 Bg4 4. f3 Bh5 5. g4 Bg6 6. h4 h6 7. h5 Bh7 8. e3 e6 9. Bd3 Nf6 10. Bxh7 Nxh7 11. Nge2 Qb6 12. Qd3 Qxb2 13. Rb1 Qa3 14. Rxb7 Nd7 15. Kf2 Be7 16. Rhb1 Nhf6 17. R1b3 Qa5 18. Bc7 Nb6 19. Bxb6 axb6 20. R3xb6 O-O 21. Rxc6 Qd8 22. Nf4 Bd6 23. Nxe6 fxe6 24. Qg6 Ne8 25. Qxe6+ Kh8 26. Nxd5 Qh4+ 27. Ke2 Qh2+ 28. Kd3 Ra3+ 29. Nc3 Qh1 30. Rxd6 Qf1+ 31. Kd2 Qf2+ 32. Kd3 Nxd6 33. Qxd6 Qf1+ 34. Kd2 Qf2+ 35. Kc1 Qxe3+ 36. Kb2 Raa8 37. Qe5 Qxe5 38. dxe5 Rab8 39. Rxb8 Rxb8+ 40. Kc1 Kg8 41. f4 Kf7 42. Kd2 Ke6 43. Ke3 Rc8 44. Kd4 Rd8+ 45. Ke4 Rc8 46. f5+ Kd7 47. Kd4 Rb8 48. Ne4 Rb4+ 49. c4 Rb2 50. e6+ Ke7 51. Ke5 Rxa2 52. Nc3 Ra5+ 53. Nd5+ Ke8 54. Kd6 Ra6+ 55. Ke5 Ra1 56. c5 Rc1 57. Kd6 Rc4 58. Nc7+ 1-0


[Site "https://www.chess.com"]

[Event "Titled Tuesday Blitz April 05 Late 2022"]
[White "Shimanov, Aleksandr"]
[Black "Manukyan, Sargis A."]
[WhiteFideId "4198603"]
[BlackFideId "13303970"]
[WhiteElo "2636"]
[BlackElo "2187"]
[Result "1-0"]
[Round "04"]
[TimeControl "180+1"]
[Date "2022.04.05"]
[WhiteClock "0:00:05"]
[BlackClock "0:00:02"]

1. d4 d5 2. Nc3 Bf5 3. f3 Nf6 4. g4 Bg6 5. h4 h5 6. g5 Ng8 7. Bf4 e6 8. Qd2 c5 9. e3 cxd4 10. Nb5 dxe3 11. Qxe3 Na6 12. O-O-O Qa5 13. a3 Bc5 14. Qe5 Ne7 15. Qxg7 O-O-O 16. b4 Nxb4 17. axb4 Qxb4 18. Qe5 Kd7 19. Nh3 Rc8 20. Rh2 a6 21. Nc7 Nc6 22. Qb2 Qa5 23. Nxd5 exd5 24. Rxd5+ Ke6 25. Bc4 Ba3 26. Re2+ Ne5 27. Rexe5# 1-0


[Site "https://www.chess.com"]

[Event "Titled Tuesday Blitz April 05 Late 2022"]
[White "Sjugirov, Sanan"]
[Black "Khripachenko, Alexander"]
[WhiteFideId "4189302"]
[BlackFideId "54184975"]
[WhiteElo "2602"]
[BlackElo "2193"]
[Result "1-0"]
[Round "04"]
[TimeControl "180+1"]
[Date "2022.04.05"]
[WhiteClock "0:00:10"]
[BlackClock "0:00:02"]

1. e4 c5 2. Nf3 Nf6 3. e5 Nd5 4. Nc3 e6 5. Ne4 Nc6 6. c4 Nb6 7. b3 d5 8. exd6 Bxd6 9. Bb2 e5 10. Be2 O-O 11. O-O Re8 12. Re1 h6 13. d3 Bf5 14. Ng3 Bh7 15. Nd2 Qd7 16. Nde4 Rad8 17. Bg4 Qc7 18. Bf5 Be7 19. Bxh7+ Kxh7 20. Qf3 Rf8 21. Nf5 g6 22. Nxe7 Qxe7 23. Nf6+ Kg7 24. Nd5 Qd6 25. Qg3 Rfe8 26. f4 Nxd5 27. fxe5 Qe6 28. cxd5 Rxd5 29. Re3 Red8 30. Rf1 Ne7 31. Rf6 Nf5 32. Qf4 Qe7 33. e6 Kg8 34. Rxf7 Qxe6 35. Rxe6 1-0


[Site "https://www.chess.com"]

[Event "Titled Tuesday Blitz April 05 Late 2022"]
[White "Sliwicki, Damian"]
[Black "Djordjevic, Dejan N"]
[WhiteFideId "1127128"]
[BlackFideId "913316"]
[WhiteElo "2084"]
[BlackElo "2262"]
[Result "1-0"]
[Round "04"]
[TimeControl "180+1"]
[Date "2022.04.06"]
[WhiteClock "0:00:27"]
[BlackClock "0:00:02"]

1. e4 c5 2. Nf3 Nc6 3. b3 d6 4. Bb2 Nf6 5. Bd3 Bg4 6. h3 Bh5 7. Nc3 a6 8. g4 Bg6 9. Qe2 Nb4 10. O-O-O e5 11. Bc4 b5 12. Bd5 Nfxd5 13. Nxd5 Nxa2+ 14. Kb1 Qa5 15. d4 cxd4 16. Nxd4 exd4 17. e5 Nc3+ 18. Bxc3 dxc3 19. exd6+ Kd7 20. f4 Rc8 21. f5 Qa3 22. Nxc3 Rxc3 23. Rhe1 Rxb3+ 24. cxb3 Qxb3+ 25. Ka1 Qa3+ 26. Kb1 Qb3+ 27. Qb2 Qxb2+ 28. Kxb2 Bxd6 29. Rd2 Rc8 30. fxg6 hxg6 31. Rf1 f6 32. h4 Rc4 33. Rfd1 Rc6 34. h5 gxh5 35. gxh5 Ke6 36. Rg1 Be5+ 37. Ka2 Rc7 38. Rdg2 f5 39. Rg6+ Bf6 40. h6 gxh6 41. Rxh6 b4 42. Rgg6 Rf7 43. Kb3 a5 44. Ka4 f4 45. Rh3 Kf5 46. Rgh6 1-0


[Site "https://www.chess.com"]

[Event "Titled Tuesday Blitz April 05 Late 2022"]
[White "Smirnov, Pavel"]
[Black "Ozates, Tuna"]
[WhiteFideId "4123425"]
[BlackFideId "6354521"]
[WhiteElo "2539"]
[BlackElo "1887"]
[Result "1-0"]
[Round "04"]
[TimeControl "180+1"]
[Date "2022.04.05"]
[WhiteClock "0:01:55"]
[BlackClock "0:00:13"]

1. e4 c5 2. c3 d5 3. exd5 Nf6 4. d4 cxd4 5. cxd4 Nxd5 6. Nf3 Nc6 7. Nc3 Bg4 8. Qb3 Bxf3 9. gxf3 e6 10. Qxb7 Nxd4 11. Bb5+ Nxb5 12. Qc6+ Ke7 13. Qxb5 Qd7 14. Nxd5+ Qxd5 15. Qxd5 exd5 16. Be3 Ke6 17. O-O Bd6 18. Rfe1 Kf6 19. Rad1 Rhd8 20. Kg2 Be5 21. Bg5+ Kxg5 22. Rxe5+ Kf6 23. Rexd5 Rxd5 24. Rxd5 Rc8 25. Ra5 Rc7 26. b4 Rb7 27. a3 Ke6 28. Kg3 Rc7 29. Kg4 h6 30. f4 g6 31. Ra6+ Kd5 32. f5 Rc4+ 33. f4 g5 34. Rxh6 gxf4 35. Rf6 Ke4 36. Rxf7 Ke3 37. Re7+ Kf2 38. f6 f3+ 39. Kg5 Rc8 40. f7 Rf8 41. Kg6 Kg1 42. Re5 Kxh2 43. Rf5 Kg2 44. Kg7 Rxf7+ 45. Kxf7 f2 46. Ke7 1-0


[Site "https://www.chess.com"]

[Event "Titled Tuesday Blitz April 05 Late 2022"]
[White "Spata, German"]
[Black "VengoDelFuturo"]
[WhiteFideId "113026"]
[WhiteElo "2592"]
[BlackElo "2353"]
[Result "1/2-1/2"]
[Round "04"]
[TimeControl "180+1"]
[Date "2022.04.06"]
[WhiteClock "0:01:43"]
[BlackClock "0:01:06"]

1. Nf3 d5 2. b3 Bf5 3. Bb2 Nf6 4. e3 e6 5. Be2 Bd6 6. O-O h6 7. c4 c6 8. cxd5 exd5 9. d3 Nbd7 10. a3 O-O 11. Re1 Re8 12. Nbd2 Ne5 13. Nxe5 Bxe5 14. Bxe5 Rxe5 15. Nf3 Re8 16. Qc2 Qd6 17. b4 a5 18. Qb2 Nd7 19. Nd4 Bg6 20. Nf3 Ne5 21. Nxe5 Qxe5 22. Qxe5 Rxe5 23. d4 Ree8 24. Rec1 axb4 25. axb4 Rec8 26. Kf1 Bf5 27. Ke1 Kf8 28. Kd2 Ke7 29. g4 Bd7 30. f3 Kd6 31. Bd3 Rf8 32. h4 Rxa1 33. Rxa1 f5 34. gxf5 Bxf5 35. Bxf5 Rxf5 36. f4 g5 37. fxg5 hxg5 38. h5 g4 39. Rh1 g3 40. h6 Rf2+ 41. Kd3 Rh2 42. Rg1 Rxh6 43. Rxg3 Rh1 44. b5 Kc7 45. bxc6 bxc6 46. Rg7+ Kb6 47. Rg8 Rd1+ 48. Kc2 Re1 49. Kd2 Rh1 50. Kd3 Rd1+ 51. Kc2 Rh1 52. Rb8+ Kc7 53. Rg8 Re1 54. Kd2 Rh1 1/2-1/2


[Site "https://www.chess.com"]

[Event "Titled Tuesday Blitz April 05 Late 2022"]
[White "Suarez Uriel, Adrian"]
[Black "Nazaretyan, Tigran"]
[WhiteFideId "22230874"]
[BlackFideId "24162345"]
[WhiteElo "2491"]
[BlackElo "2613"]
[Result "0-1"]
[Round "04"]
[TimeControl "180+1"]
[Date "2022.04.06"]
[WhiteClock "0:00:48"]
[BlackClock "0:00:24"]

1. e4 c5 2. Nf3 Nc6 3. Bb5 g6 4. Bxc6 dxc6 5. O-O Bg7 6. d3 Nf6 7. h3 Nd7 8. Nc3 e5 9. Be3 b6 10. Qd2 h6 11. Nh2 Nf8 12. f4 exf4 13. Bxf4 Ne6 14. Be3 Nd4 15. Rae1 Be6 16. e5 Bxe5 17. Ne4 f5 18. Nc3 Qd6 19. Bf4 Bxf4 20. Rxf4 O-O-O 21. a3 g5 22. Rff1 Rhe8 23. Qf2 Kb7 24. Nf3 Bc8 25. Nxd4 cxd4 26. Nb1 f4 27. Nd2 Re3 28. Nc4 Qd5 29. Nxe3 dxe3 30. Qf3 Qc5 31. Re2 Be6 32. Kh2 Rd6 33. Qh5 Bf5 34. g3 Qe5 35. gxf4 gxf4 36. Qf3 Rd4 37. Rxe3 fxe3+ 38. Kh1 Be6 39. Re1 Bd5 0-1


[Site "https://www.chess.com"]

[Event "Titled Tuesday Blitz April 05 Late 2022"]
[White "Swicarz, Maciej"]
[Black "Melikhov, Evgeny V."]
[WhiteFideId "1113585"]
[BlackFideId "4122046"]
[WhiteElo "2529"]
[BlackElo "2327"]
[Result "0-1"]
[Round "04"]
[TimeControl "180+1"]
[Date "2022.04.06"]
[WhiteClock "0:01:11"]
[BlackClock "0:00:58"]

1. e4 e5 2. Nf3 Nc6 3. c3 d5 4. Qa4 dxe4 5. Nxe5 Ne7 6. Nxc6 Nxc6 7. Qxe4+ Be7 8. Bd3 Be6 9. O-O Qd7 10. Bb5 Bd5 11. Qa4 O-O-O 12. c4 Bxg2 13. Kxg2 Qg4+ 14. Kh1 Qf3+ 15. Kg1 Rd4 16. h3 Rg4+ 17. hxg4 Qxg4+ 18. Kh1 Qh3+ 19. Kg1 Bd6 20. f4 Bc5+ 21. d4 Bxd4+ 22. Rf2 Qg3+ 23. Kh1 Bxf2 0-1


[Site "https://www.chess.com"]

[Event "Titled Tuesday Blitz April 05 Late 2022"]
[White "Sydoryka, Vladyslav"]
[Black "Jacobson, Brandon"]
[WhiteFideId "14145928"]
[BlackFideId "30901561"]
[WhiteElo "2283"]
[BlackElo "2362"]
[Result "0-1"]
[Round "04"]
[TimeControl "180+1"]
[Date "2022.04.05"]
[WhiteClock "0:00:02"]
[BlackClock "0:00:06"]

1. c4 g6 2. g3 Bg7 3. Bg2 d6 4. Nc3 Nc6 5. Nf3 Bd7 6. h4 Qc8 7. h5 Nh6 8. d3 Bg4 9. hxg6 hxg6 10. Bd2 Nf5 11. Rxh8+ Bxh8 12. Rb1 Nfd4 13. e3 Nxf3+ 14. Bxf3 Bxf3 15. Qxf3 Ne5 16. Qe2 Qh3 17. Kd1 Qf5 18. Kc2 O-O-O 19. Nd5 Kd7 20. f4 Ng4 21. Rh1 c6 22. e4 Qe6 23. f5 gxf5 24. Nf4 Qf6 25. Bc3 e5 26. exf5 Rg8 27. Rf1 Qxf5 28. Nd5 Qe6 29. Ne3 Nxe3+ 30. Qxe3 b6 31. b3 f5 32. Qf3 Rf8 33. Rh1 e4 34. Rh7+ Kc8 35. dxe4 Bxc3 36. exf5 Rxf5 37. Qxc6+ Kd8 38. Qa8+ Qc8 39. Qe4 Be5 40. Qh4+ Bf6 41. Qe4 Re5 42. Qg6 Qe6 0-1


[Site "https://www.chess.com"]

[Event "Titled Tuesday Blitz April 05 Late 2022"]
[White "Szente Varga, Fruzsina"]
[Black "Przybylski, Wojciech"]
[WhiteFideId "712264"]
[BlackFideId "1117599"]
[WhiteElo "1994"]
[BlackElo "2133"]
[Result "1/2-1/2"]
[Round "04"]
[TimeControl "180+1"]
[Date "2022.04.06"]
[WhiteClock "0:00:15"]
[BlackClock "0:00:08"]

1. e4 e5 2. Nf3 Nf6 3. Nc3 Nc6 4. d4 exd4 5. Nd5 h6 6. Nxd4 Nxd5 7. exd5 Nxd4 8. Qxd4 d6 9. Be2 Qf6 10. Bb5+ Bd7 11. Bxd7+ Kxd7 12. Qa4+ Kc8 13. O-O Be7 14. Re1 Kd8 15. Qb5 Rb8 16. Bd2 a6 17. Qb3 Re8 18. Bc3 Qg5 19. Qa4 Qxd5 20. Rad1 Qc6 21. Qg4 g6 22. Qf4 f5 23. Qxh6 Qd7 24. Qxg6 b5 25. Rxe7 Rxe7 26. Bf6 Kc8 27. Bxe7 Qxe7 28. Qxf5+ Kb7 29. Qd5+ Ka7 30. g3 Re8 31. Qc6 Rf8 32. c4 b4 33. c5 Qf7 34. Rf1 Rd8 35. cxd6 Rxd6 36. Qc5+ Rb6 37. Rc1 Kb7 38. Qc4 Qe7 39. h4 Re6 40. Qd5+ Kb8 41. Rd1 Rd6 42. Qg8+ Kb7 43. Rxd6 Qxd6 44. Qf7 Qd1+ 45. Kg2 Qd4 46. Qf3+ Kb6 47. b3 c5 48. Qe3 Qd5+ 49. Qf3 Qe5 50. h5 Qg5 51. g4 a5 52. Kg3 a4 53. Qf4 Qg7 54. Qd6+ Kb5 55. Qb8+ Kc6 56. Qa8+ Kd6 57. Qb8+ Kd5 58. bxa4 Qc3+ 59. f3 Qe1+ 60. Kh3 Qh1+ 61. Kg3 Qe1+ 62. Kf4 Qc1+ 63. Kf5 Qc2+ 64. Kf6 Qb2+ 65. Kg5 Qd2+ 66. f4 Qb2 67. Qe5+ Qxe5+ 68. fxe5 c4 69. h6 c3 70. h7 c2 71. h8=Q c1=Q+ 72. Kf5 Qf1+ 73. Kg6 Qd3+ 74. Kf7 Qc4 75. Qd8+ Kxe5+ 76. Kg6 Qxg4+ 77. Kh6 Qh3+ 78. Kg5 Qf5+ 79. Kh4 Qf4+ 80. Kh5 Qh2+ 81. Qh4 Qe2+ 82. Qg4 Qxa2 83. Qxb4 Qf7+ 84. Kg4 Qf5+ 85. Kg3 Qg5+ 86. Kf3 Qf5+ 87. Ke3 Qh3+ 88. Kd2 Qg2+ 89. Kc3 Qf3+ 90. Kc4 Qd5+ 91. Kc3 Qf3+ 92. Kb2 Qe2+ 93. Kb3 Qd3+ 94. Qc3+ Qxc3+ 95. Kxc3 Kd5 96. Kb4 Kc6 97. a5 Kb7 98. Kb5 Ka7 99. a6 Ka8 100. Kb6 Kb8 101. a7+ Ka8 102. Ka6 1/2-1/2


[Site "https://www.chess.com"]

[Event "Titled Tuesday Blitz April 05 Late 2022"]
[White "Sztokbant, Bernardo Vainzoff"]
[Black "Horcajuelo Rocamora, Martin"]
[WhiteFideId "2115956"]
[BlackFideId "24573027"]
[WhiteElo "2528"]
[BlackElo "2314"]
[Result "1-0"]
[Round "04"]
[TimeControl "180+1"]
[Date "2022.04.06"]
[WhiteClock "0:00:45"]
[BlackClock "0:00:34"]

1. e4 e5 2. Nf3 Nc6 3. Bb5 Nf6 4. O-O Nxe4 5. d4 Nd6 6. Bxc6 dxc6 7. dxe5 Nf5 8. Qxd8+ Kxd8 9. Nc3 Bd7 10. h3 Be7 11. Rd1 Kc8 12. b3 Rd8 13. Bb2 b6 14. Ne2 Kb7 15. Nf4 g5 16. Nh5 Be6 17. c4 h6 18. g4 Nh4 19. Nxh4 gxh4 20. f4 c5 21. Kg2 Bd7 22. Kf2 Bc6 23. f5 Bg5 24. Bc3 a6 25. Ng7 b5 26. e6 fxe6 27. Nxe6 Rxd1 28. Rxd1 b4 29. Nxc5+ Kb6 30. Bd4 Ka5 31. Ne6 Be7 32. Nxc7 Bd6 33. Bb6+ Kxb6 34. Nxa8+ Kc5 35. Rxd6 Kxd6 36. Nb6 Ke5 37. Nd5 a5 38. Ke3 h5 39. gxh5 Bd7 40. f6 Be6 41. h6 1-0


[Site "https://www.chess.com"]

[Event "Titled Tuesday Blitz April 05 Late 2022"]
[White "Taichman, Ori"]
[Black "Sanchez Alvares, Kelvin Antonio"]
[WhiteFideId "2804069"]
[BlackFideId "3906680"]
[WhiteElo "2663"]
[BlackElo "2495"]
[Result "1/2-1/2"]
[Round "04"]
[TimeControl "180+1"]
[Date "2022.04.06"]
[WhiteClock "0:00:10"]
[BlackClock "0:00:07"]

1. e4 e5 2. d4 exd4 3. Qxd4 Nc6 4. Qe3 Nf6 5. Nc3 Bb4 6. Bd2 O-O 7. O-O-O Re8 8. Qg3 Rxe4 9. a3 Rg4 10. Qe3 Bd6 11. h3 Bf4 12. Qe1 Bxd2+ 13. Rxd2 Rd4 14. Bd3 d6 15. Nf3 Rf4 16. Qe3 Nh5 17. g4 Rxf3 18. Qxf3 Ne5 19. Qe3 Nf6 20. f4 Nxd3+ 21. Rxd3 Bd7 22. Re1 Bc6 23. g5 Nd7 24. Qe7 Nc5 25. Rde3 Qxe7 26. Rxe7 Ne6 27. f5 Kf8 28. f6 Nxg5 29. fxg7+ Kxg7 30. Rxc7 Nxh3 31. Ne4 Re8 32. Re3 Rxe4 33. Rg3+ Ng5 34. Rxg5+ Kf6 35. Rg1 Rf4 36. Rc8 h5 37. Rh8 h4 38. Rh6+ Kf5 39. Rg7 f6 40. Rgh7 Rf1+ 41. Kd2 Rf2+ 42. Kc3 Be4 43. Rxh4 Rxc2+ 44. Kb3 Re2 45. R7h5+ Ke6 46. Rf4 f5 47. Rh7 Ke5 48. Rfh4 a5 49. Re7+ Kd4 50. Rxb7 Kc5 51. Rc7+ Kb6 52. Rg7 Re3+ 53. Ka2 a4 54. Rg1 Bc2 55. Rc1 Bb3+ 56. Kb1 Re4 57. Rh6 Rd4 58. Rf1 Bc4 59. Re1 Kc5 60. Rf6 Bd3+ 61. Kc1 Be4 62. Re3 Kd5 63. Rf8 Ke5 64. Rh3 Rc4+ 65. Rc3 Rd4 66. Re8+ Kf4 67. Rf8 d5 68. Rh8 Ke5 69. Rh5 Kd6 70. Rh6+ Ke5 71. Rcc6 Rc4+ 72. Rxc4 dxc4 73. Kd2 Kd4 74. Rd6+ Kc5 75. Rd8 Bd3 76. Rf8 Be4 77. Kc3 Bd3 78. Rf6 Kd5 79. Ra6 f4 80. Rxa4 f3 81. Ra5+ Ke4 82. Ra7 f2 83. Rf7 f1=Q 84. Rxf1 Bxf1 85. a4 Kd5 86. a5 Kc5 87. a6 Kb6 88. b3 cxb3 89. Kxb3 Kxa6 1/2-1/2


[Site "https://www.chess.com"]

[Event "Titled Tuesday Blitz April 05 Late 2022"]
[White "Tanenbaum, Zachary"]
[Black "Kozin, Yuri"]
[WhiteFideId "2060850"]
[BlackFideId "4129920"]
[WhiteElo "2717"]
[BlackElo "2538"]
[Result "1-0"]
[Round "04"]
[TimeControl "180+1"]
[Date "2022.04.06"]
[WhiteClock "0:01:14"]
[BlackClock "0:00:03"]

1. e4 c5 2. Nf3 e6 3. d4 cxd4 4. Nxd4 a6 5. Bd3 Qc7 6. O-O Nc6 7. Be3 Nf6 8. Nc3 Ne5 9. h3 Nc4 10. Bxc4 Qxc4 11. Qd3 Qc7 12. f4 d6 13. Rae1 Be7 14. e5 dxe5 15. fxe5 Qxe5 16. Nf5 exf5 17. Bb6 Ne4 18. Nxe4 O-O 19. Bd4 fxe4 20. Rxe4 Qg5 21. Re5 Qh4 22. Re4 Qg5 23. h4 Qd5 24. Rxe7 Be6 25. Re1 Rfe8 26. R1xe6 fxe6 27. Rxg7+ Kf8 28. Rf7+ Kxf7 29. Qxh7+ Kf8 30. Qg7# 1-0


[Site "https://www.chess.com"]

[Event "Titled Tuesday Blitz April 05 Late 2022"]
[White "Tang, Andrew"]
[Black "Li, Ben"]
[WhiteFideId "2059630"]
[BlackFideId "2089980"]
[WhiteElo "2584"]
[BlackElo "2267"]
[Result "0-1"]
[Round "04"]
[TimeControl "180+1"]
[Date "2022.04.05"]
[WhiteClock "0:00:01"]
[BlackClock "0:01:05"]

1. d4 d5 2. Bf4 Nf6 3. e3 c5 4. dxc5 Nc6 5. Bb5 Qa5+ 6. Nc3 a6 7. Bxc6+ bxc6 8. Nf3 e6 9. a3 Qxc5 10. O-O Be7 11. Na4 Qa7 12. c4 O-O 13. Rc1 c5 14. Ne5 Bb7 15. cxd5 exd5 16. Bg5 Rfd8 17. Qc2 Rac8 18. Ng4 Nxg4 19. Bxe7 Re8 20. Bd6 d4 21. Qf5 Nf6 22. Bxc5 Qa8 23. Nb6 Qb8 24. Nxc8 Bxc8 25. Qf4 Qxf4 26. exf4 d3 27. Rfd1 Bf5 28. Rd2 Ne4 29. Rxd3 Nxc5 30. Rd5 Nb3 31. Re5 Rxe5 32. Rd1 Re8 0-1


[Site "https://www.chess.com"]

[Event "Titled Tuesday Blitz April 05 Late 2022"]
[White "Unver, Cumali"]
[Black "Jarocka, Liwia"]
[WhiteFideId "6304940"]
[BlackFideId "21807558"]
[WhiteElo "2013"]
[BlackElo "1896"]
[Result "0-1"]
[Round "04"]
[TimeControl "180+1"]
[Date "2022.04.06"]
[WhiteClock "0:00:01"]
[BlackClock "0:01:30"]

1. e4 e5 2. Nf3 Nc6 3. Nc3 Nf6 4. d4 exd4 5. Nxd4 Bb4 6. Nxc6 bxc6 7. Bd3 O-O 8. O-O d5 9. exd5 cxd5 10. h3 c6 11. Qf3 Bd6 12. Bg5 Be5 13. Rae1 Re8 14. Nd1 h6 15. Bf4 Bxf4 16. Qxf4 Be6 17. b3 c5 18. Ne3 Qc8 19. c4 d4 20. Nf5 Bxf5 21. Bxf5 Qb8 22. Rxe8+ Qxe8 23. Bd3 Qe7 24. g4 Re8 25. Kg2 Qe5 26. Qxe5 Rxe5 27. Kf3 Kf8 28. Rb1 a5 29. a3 Re6 30. b4 axb4 31. axb4 cxb4 32. Rxb4 Nd7 33. Rb5 g6 34. Be4 Re5 35. Bd5 Re1 36. Rb7 Ne5+ 37. Kg2 d3 38. Rb2 Re2 0-1


[Site "https://www.chess.com"]

[Event "Titled Tuesday Blitz April 05 Late 2022"]
[White "Vasquez Schroeder, Rodrigo"]
[Black "Sarana, Alexey"]
[WhiteFideId "3400042"]
[BlackFideId "24133795"]
[WhiteElo "2561"]
[BlackElo "2666"]
[Result "0-1"]
[Round "04"]
[TimeControl "180+1"]
[Date "2022.04.05"]
[WhiteClock "0:00:29"]
[BlackClock "0:00:16"]

1. e4 c5 2. Nf3 d6 3. d4 cxd4 4. Nxd4 Nf6 5. Nc3 a6 6. Bg5 e6 7. f4 Nbd7 8. Qf3 Qc7 9. O-O-O b5 10. Bd3 Bb7 11. Rhe1 Be7 12. Nd5 exd5 13. Nf5 Bf8 14. exd5+ Kd8 15. Qe3 Qc5 16. Qd2 Bxd5 17. Kb1 Be6 18. Ng3 h6 19. Bh4 Kc7 20. Ne2 Rc8 21. Nc3 Bc4 22. Bf2 Qc6 23. Bf5 g6 24. Bh3 Bg7 25. b3 b4 26. Na4 Bb5 27. Bd4 Bxa4 28. bxa4 Rhe8 29. g3 Rxe1 30. Rxe1 Re8 31. Rxe8 Nxe8 32. Bxg7 Nxg7 33. Qd4 Ne6 34. Qa7+ Qb7 35. Qe3 Ndc5 36. f5 Qh1+ 37. Kb2 Nxa4+ 38. Kb3 Nec5+ 39. Kc4 d5+ 40. Kxb4 Qb1+ 0-1


[Site "https://www.chess.com"]

[Event "Titled Tuesday Blitz April 05 Late 2022"]
[White "Villegas, Pierre"]
[Black "Papasimakopoulos, Alexandros"]
[WhiteFideId "654183"]
[BlackFideId "4244125"]
[WhiteElo "2538"]
[BlackElo "2718"]
[Result "1/2-1/2"]
[Round "04"]
[TimeControl "180+1"]
[Date "2022.04.06"]
[WhiteClock "0:00:36"]
[BlackClock "0:00:49"]

1. d4 e6 2. c4 Nf6 3. Nc3 Bb4 4. e3 O-O 5. Ne2 c6 6. a3 Ba5 7. c5 Bc7 8. g3 b6 9. b4 a5 10. Rb1 axb4 11. axb4 d5 12. cxd6 Bxd6 13. Bg2 Nd5 14. b5 Bb7 15. O-O Nd7 16. bxc6 Bxc6 17. Nxd5 Bxd5 18. Bxd5 exd5 19. Qb3 Qg5 20. e4 Qh5 21. e5 Bxe5 22. dxe5 Qxe2 23. Bb2 Nxe5 24. Bxe5 Qxe5 25. Qxb6 Rad8 26. Rfe1 Qd6 27. Qd4 Rfe8 28. Rxe8+ Rxe8 29. Rb5 Rd8 30. Kg2 Qd7 31. Rc5 Qe7 32. h4 h5 33. Kh2 Qe6 34. Kg2 g6 35. Kh2 Qa6 36. Rxd5 Rxd5 37. Qxd5 Qf1 38. Qd8+ Kh7 39. Qf6 Qc4 40. Kg2 Qd5+ 41. Qf3 Qe6 42. Kh2 Kg7 43. Kg2 Qf6 44. Qe3 Qc6+ 45. Kh2 Qd5 46. Qf4 Kf8 47. Qb8+ Ke7 48. Qc7+ Ke6 49. Qf4 Qf5 50. Qc4+ Qd5 51. Qf4 Kd7 52. Qe3 Kc6 53. Qf4 Kc5 54. Qe3+ Kc4 55. Kg1 Qd1+ 56. Kg2 Qd5+ 57. Kg1 Qf5 58. Kg2 Kd5 59. Qb3+ Ke4 60. Qc4+ Ke5 61. Qc5+ Ke6 62. Qc6+ Ke5 63. Qc5+ Kf6 64. Qd6+ Qe6 65. Qd4+ Qe5 66. Qc4 Ke7 67. Qc6 Qe6 68. Qf3 Kd6 69. Qf4+ Kd5 70. Qd2+ Kc6 71. Qc3+ Kd6 72. Qb4+ Ke5 73. Qf4+ Kd5 74. Qd2+ Kc6 75. Qc3+ Kd6 76. Qb4+ Kd7 77. Qb7+ Ke8 78. Qb8+ Ke7 79. Qb4+ Qd6 80. Qe4+ Kf6 81. Qf3+ Ke6 82. Qe4+ Qe5 83. Qc6+ Kf5 84. Qf3+ Ke6 85. Qc6+ Kf5 86. Qf3+ Ke6 87. Qc6+ 1/2-1/2


[Site "https://www.chess.com"]

[Event "Titled Tuesday Blitz April 05 Late 2022"]
[White "Weetik, Vjacheslav"]
[Black "Jobava, Baadur"]
[WhiteFideId "4153472"]
[BlackFideId "13601520"]
[WhiteElo "2469"]
[BlackElo "2617"]
[Result "1/2-1/2"]
[Round "04"]
[TimeControl "180+1"]
[Date "2022.04.05"]
[WhiteClock "0:00:08"]
[BlackClock "0:00:04"]

1. d4 d5 2. c4 c6 3. Nc3 Nf6 4. e3 Na6 5. Nf3 Nc7 6. Ne5 e6 7. Bd3 Be7 8. O-O O-O 9. b3 Nd7 10. f4 f5 11. Bb2 Nxe5 12. dxe5 Bd7 13. g4 Bc5 14. Qe2 g6 15. Kh1 Kh8 16. Rg1 b5 17. Rg3 d4 18. Nd1 dxe3 19. Nxe3 Be8 20. gxf5 gxf5 21. Nxf5 Bg6 22. Nd6 Bxd3 23. Qxd3 Rxf4 24. Rh3 Qe7 25. Rf1 Raf8 26. Rxf4 Rxf4 27. Rf3 Qf8 28. Kg2 bxc4 29. bxc4 Na6 30. Rxf4 Qxf4 31. Qf3 Qxf3+ 32. Kxf3 Kg7 33. Ke4 Bg1 34. h3 Nc5+ 35. Kf3 Nd3 36. Bc3 Kg6 37. Ke4 Nc5+ 38. Kf3 h5 39. Ne4 Nxe4 40. Kxe4 Kg5 41. Be1 a6 42. a4 Bb6 43. Bg3 Ba5 44. Bf2 Bc3 45. Bg3 Bb4 46. Bf2 Ba3 47. Bg3 Bc5 48. Be1 Kg6 49. Kf4 Ba3 50. Bc3 Bc1+ 51. Ke4 Kg5 52. Be1 Bf4 53. Bf2 Bd2 54. Bg3 Kg6 55. Bh4 Bc1 56. Bf6 Ba3 57. Bd8 Bc5 58. Bf6 Bb6 59. Bh4 Bc5 60. Bf6 Bb6 61. Bh4 Bc5 62. Bf6 1/2-1/2


[Site "https://www.chess.com"]

[Event "Titled Tuesday Blitz April 05 Late 2022"]
[White "Wieczorek, Oskar"]
[Black "Holt, Conrad"]
[WhiteFideId "1133950"]
[BlackFideId "2034387"]
[WhiteElo "2615"]
[BlackElo "2843"]
[Result "0-1"]
[Round "04"]
[TimeControl "180+1"]
[Date "2022.04.06"]
[WhiteClock "0:00:09"]
[BlackClock "0:01:02"]

1. c3 e5 2. d4 Nc6 3. Nf3 e4 4. Ne5 Nxe5 5. dxe5 d5 6. exd6 Bxd6 7. Qa4+ Bd7 8. Qxe4+ Ne7 9. e3 Bc6 10. Qg4 O-O 11. Bc4 Ng6 12. Be2 Nh4 13. f3 Bd7 14. Qd4 Nf5 15. Qc4 b5 16. Qd3 Qh4+ 17. Kd1 Ng3 18. Re1 Qxh2 19. Nd2 Rad8 20. Kc2 Bc6 21. Nf1 Qxg2 22. e4 Bc5 0-1


[Site "https://www.chess.com"]